General information
- name: BNet
- type: Ladder team game (AT/RT)
- host: Battle.net
- saver: Dinnerbot
map: Dragonblight
- players: 6
- length: 51:55
- speed: Fast
- version: 1.26 W3XP
- replay type: Public
» download(267 KB)
Players
team 1 (winner)
TinkerTime (
blue | 83 APM | 4292 actions | 51:53)
8 Goblin Tinker
3 Pocket Factory
2 Engineering Upgrade
1 Robo-Goblin
2 Cluster Rockets
6 Pandaren Brewmaster
3 Breath of Fire
2 Drunken Brawler
1 Storm Earth and Fire
» actions
| Assign group hotkey | 98 | |
| Basic commands | 613 | |
| Build / train | 92 | |
| Enter build submenu | 20 | |
| Enter hero's abilities submenu | 14 | |
| Remove unit from queue | 4 | |
| Right click | 1859 | |
| Select / deselect | 524 | |
| Select group hotkey | 976 | |
| Use ability | 91 | |
4292 total
» units
| Wisp | 10 | |
| Archer | 2 | |
| Huntress | 9 | |
| Druid of the Talon | 5 | |
| Chimaera | 15 | |
| Hippogryph | 15 | |
| Blue Dragon | 1 | |
57 total
» upgrades
| Strength of the Wild | 3 | |
| Corrosive Breath | 1 | |
| Reinforced Hides | 3 | |
7 total
» buildings
| Altar of Elders | 1 | |
| Moon Well | 9 | |
| Ancient of War | 1 | |
| Hunter's Hall | 1 | |
| Tree of Ages | 2 | |
| Ancient of Wind | 2 | |
| Tree of Eternity | 2 | |
| Ancient of Lore | 1 | |
| Chimaera Roost | 2 | |
| Tree of Life | 1 | |
22 total
» build order
00:06 Altar of Elders
00:31 Moon Well
01:16 Ancient of War
01:55 Moon Well
02:33 Hunter's Hall
03:36 Moon Well
04:15 Tree of Ages
04:15 Tree of Ages
04:17 Moon Well
06:47 Ancient of Wind
06:48 Tree of Eternity
06:48 Tree of Eternity
07:03 Ancient of Lore
09:16 Chimaera Roost
09:17 Chimaera Roost
10:01 Moon Well
10:07 Moon Well
11:01 Moon Well
12:06 Moon Well
16:23 Moon Well
19:32 Tree of Life
41:00 Ancient of Wind
Dinnerbot (
green | 55 APM | 2844 actions | 51:55)
5 Archmage
3 Blizzard
2 Brilliance Aura
5 Blood Mage
3 Flame Strike
2 Siphon Mana
» actions
| Assign group hotkey | 10 | |
| Basic commands | 51 | |
| Build / train | 136 | |
| ESC pressed | 21 | |
| Enter build submenu | 80 | |
| Enter hero's abilities submenu | 10 | |
| Remove unit from queue | 1 | |
| Right click | 809 | |
| Select / deselect | 470 | |
| Select group hotkey | 970 | |
| Use ability | 286 | |
2844 total
» units
| Peasant | 23 | |
| Sorceress | 1 | |
| Priest | 2 | |
| Goblin Shredder | 1 | |
| Dragonhawk Rider | 15 | |
42 total
» upgrades
| Masonry | 2 | |
| Sorceress Training | 1 | |
| Magic Sentry | 1 | |
| Lumber Harvesting | 0 | |
4 total
» buildings
| Altar of Kings | 1 | |
| Farm | 7 | |
| Lumber Mill | 2 | |
| Scout Tower | 126 | |
| Arcane Vault | 1 | |
| Arcane Tower | 2 | |
| Keep | 1 | |
| Guard Tower | 58 | |
| Arcane Sanctum | 2 | |
| Gryphon Aviary | 1 | |
| Town Hall | 6 | |
| Castle | 1 | |
208 total
» build order
00:06 Altar of Kings
00:19 Farm
00:20 Farm
00:35 Lumber Mill
01:00 Scout Tower
01:06 Scout Tower
01:46 Arcane Vault
01:58 Arcane Tower
02:46 Keep
02:49 Farm
02:55 Scout Tower
02:56 Scout Tower
03:35 Guard Tower
03:36 Scout Tower
03:40 Scout Tower
03:41 Scout Tower
03:42 Scout Tower
03:42 Scout Tower
03:48 Guard Tower
03:51 Scout Tower
04:16 Guard Tower
04:38 Guard Tower
04:40 Guard Tower
04:43 Scout Tower
05:52 Guard Tower
05:53 Scout Tower
05:58 Scout Tower
06:22 Scout Tower
06:23 Scout Tower
06:26 Scout Tower
06:27 Scout Tower
06:32 Arcane Sanctum
06:34 Arcane Sanctum
06:54 Guard Tower
06:56 Scout Tower
07:29 Guard Tower
07:30 Scout Tower
07:31 Scout Tower
08:02 Scout Tower
08:04 Scout Tower
08:04 Scout Tower
08:12 Guard Tower
08:31 Guard Tower
08:33 Scout Tower
08:34 Scout Tower
08:48 Guard Tower
08:51 Guard Tower
09:09 Guard Tower
09:53 Scout Tower
09:54 Scout Tower
09:55 Scout Tower
10:00 Guard Tower
10:03 Scout Tower
10:04 Scout Tower
10:36 Farm
10:56 Guard Tower
10:57 Scout Tower
10:58 Scout Tower
10:59 Guard Tower
11:02 Guard Tower
11:19 Guard Tower
11:51 Gryphon Aviary
12:19 Scout Tower
12:20 Scout Tower
12:21 Scout Tower
13:32 Guard Tower
13:51 Lumber Mill
13:59 Scout Tower
13:59 Scout Tower
14:00 Scout Tower
14:02 Scout Tower
14:02 Scout Tower
14:03 Scout Tower
14:06 Guard Tower
15:13 Town Hall
15:16 Guard Tower
15:24 Scout Tower
15:25 Scout Tower
15:25 Scout Tower
15:28 Scout Tower
15:29 Scout Tower
15:30 Scout Tower
15:51 Farm
15:52 Farm
15:59 Guard Tower
16:07 Guard Tower
16:29 Scout Tower
16:53 Guard Tower
16:56 Scout Tower
16:56 Scout Tower
16:57 Scout Tower
16:58 Scout Tower
17:10 Farm
19:09 Guard Tower
19:10 Scout Tower
19:11 Scout Tower
19:11 Scout Tower
19:17 Guard Tower
19:25 Scout Tower
19:26 Scout Tower
19:27 Scout Tower
19:27 Scout Tower
19:28 Scout Tower
19:30 Scout Tower
19:30 Scout Tower
19:32 Scout Tower
19:33 Scout Tower
20:00 Guard Tower
20:43 Scout Tower
20:44 Scout Tower
20:45 Scout Tower
20:46 Scout Tower
20:46 Scout Tower
20:47 Scout Tower
20:48 Scout Tower
20:48 Scout Tower
20:49 Scout Tower
20:59 Scout Tower
21:00 Scout Tower
21:00 Scout Tower
21:03 Guard Tower
21:46 Guard Tower
22:07 Guard Tower
22:16 Guard Tower
22:20 Guard Tower
23:32 Guard Tower
23:34 Scout Tower
23:35 Scout Tower
23:36 Scout Tower
23:37 Scout Tower
23:37 Scout Tower
23:38 Scout Tower
23:42 Scout Tower
23:42 Scout Tower
23:43 Scout Tower
24:36 Guard Tower
24:38 Scout Tower
24:39 Scout Tower
24:40 Scout Tower
24:43 Scout Tower
24:44 Scout Tower
24:45 Scout Tower
24:46 Scout Tower
24:47 Scout Tower
24:48 Scout Tower
25:21 Guard Tower
25:28 Scout Tower
25:29 Scout Tower
25:29 Scout Tower
25:31 Scout Tower
25:31 Scout Tower
25:32 Scout Tower
25:33 Scout Tower
25:35 Guard Tower
26:01 Guard Tower
26:03 Guard Tower
26:16 Guard Tower
26:27 Scout Tower
26:28 Scout Tower
26:32 Scout Tower
26:33 Scout Tower
27:03 Guard Tower
27:13 Guard Tower
27:27 Guard Tower
27:35 Guard Tower
27:47 Guard Tower
27:50 Guard Tower
28:26 Guard Tower
28:41 Guard Tower
28:43 Scout Tower
28:44 Scout Tower
28:45 Scout Tower
28:45 Scout Tower
29:11 Castle
29:13 Scout Tower
29:14 Scout Tower
29:16 Scout Tower
29:17 Scout Tower
29:17 Scout Tower
30:37 Guard Tower
31:04 Guard Tower
32:55 Town Hall
33:50 Guard Tower
34:10 Guard Tower
36:17 Guard Tower
39:04 Scout Tower
39:05 Scout Tower
39:06 Scout Tower
39:07 Scout Tower
39:13 Scout Tower
39:14 Scout Tower
39:15 Scout Tower
39:15 Scout Tower
39:17 Scout Tower
39:18 Scout Tower
40:12 Guard Tower
40:38 Guard Tower
40:50 Guard Tower
41:17 Arcane Tower
41:39 Scout Tower
41:40 Scout Tower
42:08 Town Hall
42:52 Guard Tower
44:04 Guard Tower
47:04 Town Hall
48:18 Guard Tower
48:23 Town Hall
51:49 Town Hall
» items
| Ivory Tower | 13 | |
| Staff of Teleportation | 2 | |
15 total
So_BaKedzzzz (
teal | 19 APM | 987 actions | 51:53)
5 Priestess of the Moon
3 Trueshot Aura
2 Searing Arrows
» actions
| Basic commands | 91 | |
| Build / train | 97 | |
| ESC pressed | 1 | |
| Enter build submenu | 19 | |
| Enter hero's abilities submenu | 5 | |
| Remove unit from queue | 3 | |
| Right click | 301 | |
| Select / deselect | 429 | |
| Use ability | 41 | |
987 total
» units
| Wisp | 8 | |
| Archer | 30 | |
| Druid of the Talon | 33 | |
71 total
» upgrades
| Strength of the Moon | 1 | |
| Moon Armor | 1 | |
| Improved Bows | 1 | |
| Druid of the Talon Training | 2 | |
| Marksmanship | 1 | |
| Strength of the Wild | 3 | |
| Reinforced Hides | 3 | |
| Mark of the Talon | 1 | |
13 total
» buildings
| Ancient of War | 2 | |
| Altar of Elders | 1 | |
| Moon Well | 6 | |
| Tree of Ages | 1 | |
| Hunter's Hall | 1 | |
| Ancient of Wind | 2 | |
| Tree of Eternity | 1 | |
| Tree of Life | 1 | |
15 total
» build order
00:13 Ancient of War
00:21 Altar of Elders
00:23 Moon Well
00:57 Ancient of War
02:37 Moon Well
03:12 Moon Well
03:54 Tree of Ages
04:08 Hunter's Hall
06:33 Moon Well
07:13 Ancient of Wind
09:21 Tree of Eternity
09:55 Moon Well
16:26 Ancient of Wind
16:32 Moon Well
30:18 Tree of Life
team 2 (loser)
i_hate_you_noob (
pink | 33 APM | 444 actions | 13:26)
2 Archmage
1 Blizzard
1 Summon Water Elemental
» actions
| Assign group hotkey | 8 | |
| Build / train | 54 | |
| Enter build submenu | 14 | |
| Enter hero's abilities submenu | 2 | |
| Right click | 167 | |
| Select / deselect | 133 | |
| Select group hotkey | 41 | |
| Use ability | 25 | |
444 total
» units
» upgrades
» buildings
| Barracks | 2 | |
| Farm | 8 | |
| Altar of Kings | 1 | |
| Lumber Mill | 1 | |
| Blacksmith | 1 | |
| Keep | 2 | |
15 total
» build order
00:11 Barracks
00:24 Farm
00:54 Altar of Kings
01:03 Farm
01:41 Farm
02:24 Farm
03:05 Lumber Mill
03:47 Blacksmith
04:29 Farm
08:24 Farm
08:27 Farm
10:43 Keep
10:43 Keep
11:00 Farm
11:58 Barracks
6000 (
purple | 156 APM | 8068 actions | 51:52)
10 Archmage
3 Summon Water Elemental
3 Brilliance Aura
3 Blizzard
1 Mass Teleport
6 Mountain King
3 Storm Bolt
2 Thunder Clap
1 Avatar
6 Paladin
3 Holy Light
1 Divine Shield
1 Devotion Aura
1 Resurrection
» actions
| Assign group hotkey | 38 | |
| Basic commands | 25 | |
| Build / train | 258 | |
| Enter build submenu | 60 | |
| Enter hero's abilities submenu | 25 | |
| Give item / drop item | 5 | |
| Remove unit from queue | 3 | |
| Right click | 2918 | |
| Select / deselect | 1112 | |
| Select group hotkey | 3253 | |
| Use ability | 370 | |
8068 total
» units
| Peasant | 37 | |
| Footman | 25 | |
| Goblin Shredder | 2 | |
| Priest | 6 | |
| Gryphon Rider | 4 | |
| Dragonhawk Rider | 12 | |
| Rifleman | 2 | |
| Knight | 1 | |
| Siege Engine | 9 | |
| Mortar Team | 1 | |
| Blue Dragon | 6 | |
105 total
» upgrades
| Lumber Harvesting | 2 | |
| Masonry | 3 | |
| Swords | 3 | |
| Armor | 4 | |
| Gunpowder | 4 | |
| Cloud | 1 | |
| Storm Hammers | 1 | |
| Animal War Training | 1 | |
| Barrage | 1 | |
| Flare | 1 | |
21 total
» buildings
| Lumber Mill | 2 | |
| Barracks | 1 | |
| Farm | 18 | |
| Arcane Vault | 2 | |
| Altar of Kings | 1 | |
| Keep | 2 | |
| Blacksmith | 1 | |
| Town Hall | 6 | |
| Scout Tower | 36 | |
| Guard Tower | 20 | |
| Castle | 2 | |
| Gryphon Aviary | 3 | |
| Arcane Sanctum | 1 | |
| Workshop | 3 | |
98 total
» build order
00:19 Lumber Mill
00:37 Barracks
00:51 Farm
01:06 Arcane Vault
01:25 Altar of Kings
01:30 Farm
01:48 Farm
02:00 Farm
02:44 Farm
03:26 Farm
03:29 Farm
05:03 Keep
05:25 Blacksmith
06:23 Town Hall
06:26 Scout Tower
06:27 Scout Tower
06:27 Scout Tower
06:27 Scout Tower
07:03 Guard Tower
07:15 Scout Tower
07:53 Castle
07:53 Castle
08:30 Gryphon Aviary
08:36 Arcane Sanctum
09:40 Guard Tower
10:09 Gryphon Aviary
10:12 Farm
10:52 Scout Tower
10:52 Scout Tower
10:53 Scout Tower
10:57 Farm
11:12 Gryphon Aviary
11:19 Workshop
12:27 Scout Tower
12:32 Scout Tower
13:02 Guard Tower
13:07 Guard Tower
13:17 Scout Tower
13:18 Scout Tower
13:26 Arcane Vault
13:59 Scout Tower
14:01 Scout Tower
14:01 Scout Tower
14:02 Scout Tower
14:03 Scout Tower
14:04 Scout Tower
14:06 Scout Tower
14:14 Guard Tower
14:14 Guard Tower
14:16 Scout Tower
14:16 Scout Tower
14:17 Scout Tower
14:19 Scout Tower
14:45 Guard Tower
14:46 Guard Tower
14:48 Guard Tower
14:57 Scout Tower
14:59 Guard Tower
14:59 Guard Tower
15:20 Scout Tower
15:20 Scout Tower
15:40 Guard Tower
15:43 Scout Tower
15:59 Lumber Mill
16:04 Farm
16:18 Scout Tower
16:36 Scout Tower
16:36 Scout Tower
16:56 Farm
19:21 Guard Tower
19:40 Scout Tower
19:49 Farm
20:59 Farm
22:10 Scout Tower
22:10 Scout Tower
22:31 Town Hall
22:35 Guard Tower
22:43 Workshop
22:47 Workshop
23:02 Farm
23:04 Guard Tower
23:06 Scout Tower
23:06 Scout Tower
23:07 Scout Tower
25:12 Guard Tower
25:53 Town Hall
29:19 Town Hall
34:24 Town Hall
34:43 Town Hall
44:02 Farm
44:26 Farm
44:28 Farm
45:02 Farm
» items
| Scroll of Regeneration | 10 | |
| Potion of Lesser Invulnerability | 2 | |
| Potion of Invisibility | 2 | |
| Periapt of Vitality | 2 | |
| Scroll of Healing | 2 | |
| Circlet of Nobility | 2 | |
| Lesser Clarity Potion | 2 | |
| Potion of Healing | 3 | |
| Scroll of Protection | 1 | |
| Scroll of Town Portal | 3 | |
29 total

»
n-o-o-bforever (
yellow | 60 APM | 783 actions | 13:08)
2 Paladin
1 Holy Light
1 Divine Shield
» actions
| Assign group hotkey | 57 | |
| Basic commands | 76 | |
| Build / train | 57 | |
| ESC pressed | 1 | |
| Enter build submenu | 19 | |
| Enter hero's abilities submenu | 2 | |
| Right click | 262 | |
| Select / deselect | 142 | |
| Select group hotkey | 138 | |
| Use ability | 29 | |
783 total
» units
| Peasant | 9 | |
| Footman | 15 | |
| Mortar Team | 2 | |
26 total
» upgrades
» buildings
| Farm | 5 | |
| Barracks | 2 | |
| Altar of Kings | 1 | |
| Lumber Mill | 1 | |
| Arcane Vault | 1 | |
| Scout Tower | 3 | |
| Keep | 6 | |
| Blacksmith | 1 | |
| Guard Tower | 7 | |
| Workshop | 2 | |
| Castle | 2 | |
31 total
» build order
00:22 Farm
00:41 Barracks
01:08 Farm
01:13 Altar of Kings
01:21 Lumber Mill
01:48 Farm
02:02 Arcane Vault
02:29 Barracks
02:39 Farm
04:18 Farm
04:52 Scout Tower
07:59 Keep
07:59 Keep
08:00 Keep
08:00 Keep
08:16 Blacksmith
08:20 Guard Tower
08:21 Guard Tower
08:21 Guard Tower
10:21 Workshop
10:24 Workshop
10:50 Castle
10:50 Castle
11:01 Scout Tower
11:20 Scout Tower
11:40 Guard Tower
11:56 Guard Tower
11:57 Guard Tower
Chat log
(00:09 / Allies) TinkerTime: we should probably rush
(00:27 / Allies) TinkerTime: down?
(00:27 / Allies) So_BaKedzzzz: lets do it
(00:35 / Allies) TinkerTime: hunts archers here
(01:03 / Allies) So_BaKedzzzz: where we going to hit
(01:11 / Allies) TinkerTime: ill scout after i get hero
(03:22 / Allies) TinkerTime: b
(03:26 / Allies) TinkerTime: he aint taking no shit
(03:33 / Allies) TinkerTime: wtf?
(03:43 / Allies) TinkerTime: hes teching
(03:45 / Allies) TinkerTime: well
(04:02 / Allies) TinkerTime: nevermind then
(04:08 / Allies) TinkerTime: they are dual raxing
(04:10 / Allies) TinkerTime: gg
(04:24 / All) Dinnerbot: dinner
(04:30 / All) n-o-o-bforever: u not me
(04:58 / All) TinkerTime: hes a character isnt he
(06:19 / All) Dinnerbot: dinner
(06:52 / Allies) TinkerTime: gg
(06:53 / Allies) TinkerTime: gg
(06:54 / Allies) TinkerTime: gg
(07:03 / All) n-o-o-bforever: u
(07:14 / Allies) TinkerTime: fucking green
(07:17 / All) Dinnerbot: dinner
(07:26 / Allies) So_BaKedzzzz: whats the plan
(07:30 / Allies) TinkerTime: lose
(07:32 / Allies) TinkerTime: he sucks ass
(07:43 / Allies) TinkerTime: react
(08:05 / Allies) TinkerTime: teal
(08:27 / All) Dinnerbot: dinner
(09:46 / All) Dinnerbot: dinner
(10:33 / All) n-o-o-bforever: gg
(10:51 / All) Dinnerbot: dinner
(12:02 / All) Dinnerbot: dinner
(12:29 / Allies) TinkerTime: well
(12:34 / Allies) TinkerTime: this was a strange game
(12:37 / All) Dinnerbot: dinner
(13:08 / All) Dinnerbot: dinner
(13:28 / All) TinkerTime: gg
(13:53 / Allies) So_BaKedzzzz: gg
(14:36 / All) Dinnerbot: dinner
(15:46 / All) Dinnerbot: dinner
(16:36 / Allies) TinkerTime: coming
(16:55 / Allies) TinkerTime: talons need to be up in the air for this fight
(17:00 / All) Dinnerbot: dinner
(17:00 / Allies) TinkerTime: focus
(18:07 / Allies) TinkerTime: b
(18:26 / Allies) TinkerTime: green?
(18:28 / Allies) TinkerTime: wtf
(18:30 / All) Dinnerbot: dinner
(18:58 / Allies) TinkerTime: wtf green?
(19:04 / All) TinkerTime: what is he doing?
(19:33 / Allies) So_BaKedzzzz: what we doing
(19:35 / Allies) TinkerTime: faggot ass green
(19:42 / Allies) TinkerTime: did you not notice him killing our units?
(19:54 / All) Dinnerbot: dinner
(20:05 / Allies) TinkerTime: fuck you your not a bot so stop acting like an idiot
(20:50 / All) Dinnerbot: dinner
(21:46 / Allies) TinkerTime: green needs to fuck off
(21:50 / Allies) TinkerTime: omfg
(22:11 / All) Dinnerbot: dinner
(22:37 / Allies) So_BaKedzzzz: i like dinner
(22:50 / Allies) So_BaKedzzzz: stop
(23:05 / Allies) So_BaKedzzzz: lest win this
(23:08 / Allies) TinkerTime: nope
(23:37 / Allies) TinkerTime: stupid nigger
(23:46 / All) Dinnerbot: dinner
(24:22 / All) TinkerTime: purp can you just leave its not going to end
(24:25 / All) TinkerTime: hes a faggot
(25:15 / All) Dinnerbot: dinner
(26:01 / Allies) So_BaKedzzzz: dinner is the best meal of the day
(26:07 / All) Dinnerbot: dinner
(26:12 / Allies) TinkerTime: hes also an idiot
(26:20 / Allies) TinkerTime: why we cant just end it is beyond me
(26:31 / Allies) So_BaKedzzzz: what is your favoirite meal of the day?
(26:35 / Allies) TinkerTime: lunch
(27:19 / All) Dinnerbot: dinner
(28:36 / All) Dinnerbot: dinner
(29:31 / All) Dinnerbot: dinner
(29:38 / Allies) So_BaKedzzzz: if you give me gold ill give you a gold income dinner
(30:10 / Allies) So_BaKedzzzz: need 40 more
(30:20 / Allies) So_BaKedzzzz: ty
(30:24 / All) Dinnerbot: dinner
(30:57 / All) Dinnerbot: dinner
(33:05 / All) Dinnerbot: dinner
(33:17 / Allies) TinkerTime: god i hate this kid
(33:32 / All) Dinnerbot: dinner
(34:13 / All) Dinnerbot: dinner
(34:34 / Allies) So_BaKedzzzz: gold?
(34:51 / Allies) So_BaKedzzzz: pleaseeeee
(36:06 / All) Dinnerbot: dinner
(36:35 / Allies) So_BaKedzzzz: you got gold and lumber tinker
(37:18 / Allies) TinkerTime: lol
(37:35 / All) Dinnerbot: dinner
(38:17 / All) Dinnerbot: dinner
(38:47 / All) Dinnerbot: dinner
(40:00 / All) Dinnerbot: dinner
(40:36 / All) Dinnerbot: dinner
(40:38 / Allies) TinkerTime: god i cant do this anymore
(40:38 / Allies) So_BaKedzzzz: dinner you have a lot of resoureces
(40:41 / Allies) TinkerTime: this is so gay
(41:19 / All) Dinnerbot: dinner
(42:05 / Allies) TinkerTime: cant you just send your hawks in and end it?.
(42:08 / Allies) TinkerTime: why do this
(42:49 / All) Dinnerbot: dinner
(45:16 / All) Dinnerbot: dinner
(47:51 / Allies) So_BaKedzzzz: ha i wonder how long this will atke
(48:04 / All) So_BaKedzzzz: who will give in first
(48:05 / Allies) TinkerTime: we could have ended it an hour aho
(48:06 / All) Dinnerbot: dinner
(48:37 / Allies) So_BaKedzzzz: dinner, if i was to have steak.. what meal would i most likely be having
(48:57 / Allies) TinkerTime: breakfast
(49:41 / All) Dinnerbot: dinner
(50:24 / Allies) TinkerTime: go
(51:03 / All) Dinnerbot: dinner
(51:13 / All) So_BaKedzzzz: gg
(51:39 / All) Dinnerbot: dinner